 Dungeon Crawl Stone Soup version 0.13-a0-2474-g552a472 (webtiles) character file.

82 JogiH the Magician (level 2, -2/23 HPs)
             Began as a Djinni Wizard on July 18, 2013.
             Killed from afar by Ijyb (6 damage)
             ... with a wand of magic darts
             ... on Level 2 of the Dungeon.
             The game lasted 00:05:44 (1637 turns).

JogiH the Magician (Djinni Wizard)                  Turns: 1637, Time: 00:05:44

HP  -2/23        AC  2     Str  7      XL: 2   Next: 62%
MP   0/0         EV 17     Int 18      God:
Gold 61          SH  0     Dex 11      Spells:  3 memorised,  5 levels left

Res.Fire  : + + +   See Invis. : .   (no weapon)
Res.Cold  : x . .   Warding    : .   a - +0 robe
Life Prot.: + + +   Conserve   : .   (no shield)
Res.Poison: .       Res.Corr.  : .   b - +0 wizard hat
Res.Elec. : .       Clarity    : .   (no cloak)
Sust.Abil.: . .     Spirit.Shd : .   (no gloves)
Res.Mut.  : .       Stasis     : .   (boots unavailable)
Res.Rott. : .       Flight     : .   (no amulet)
Saprovore : . . .                    (no ring)
                                     j - +5 ring of evasion

@: very slightly contaminated, not resistant to hostile enchantments, unstealthy
A: no striking features
a: no special abilities


You were on level 2 of the Dungeon.
You were not hungry.

You visited 1 branch of the dungeon, and saw 3 of its levels.

You collected 41 gold pieces.

Inventory:

Armour
 a - a +0 robe (worn)
 b - a +0 wizard hat (worn)
Scrolls
 f - 3 scrolls of blinking {unknown}
 g - a scroll of fog {unknown}
 h - a scroll of recharging {unknown}
 i - a scroll of noise {unknown}
 k - 2 scrolls of remove curse {unknown}
 l - a scroll of amnesia {unknown}
 m - a scroll of teleportation {unknown}
 n - a scroll of identify {unknown}
Jewellery
 j - a +5 ring of evasion (left hand)
Potions
 d - 3 potions of curing {unknown}
 e - a potion of brilliance {unknown}
 o - a potion of confusion {unknown}
 p - 3 potions of degeneration {unknown}
 q - a potion of restore abilities {unknown}
Books
 c - a book of Minor Magic

   Spells                             Type                      Level
   *Magic Dart                        Conjuration                  1
   *Blink                             Translocation                2
   *Call Imp                          Summoning                    2
   Repel Missiles                     Charms/Air                   2
   Slow                               Hexes                        2
   Conjure Flame                      Conjuration/Fire             3
   Mephitic Cloud                     Conjuration/Poison/Air       3


   Skills:
 - Level 1.7 Dodging
 - Level 1.5 Stealth
 + Level 4.5 Spellcasting
 * Level 1.3 Conjurations
 + Level 1.0 Summonings
 + Level 1.0 Translocations


You had 5 spell levels left.
You knew the following spells:

 Your Spells              Type           Power        Failure   Level  Hunger
a - Magic Dart            Conj           #...         12%         1    None
b - Blink                 Tloc           N/A          14%         2    #......
c - Call Imp              Summ           #.........   14%         2    #......


Dungeon Overview and Level Annotations

Branches:
Dungeon (3/27)

Altars:

Annotations
D:2 Ijyb


Message History

You are very lightly contaminated with residual magic.
Space warps around you.
Casting: Call Imp
Confirm with . or Enter, or press ? or * to list all spells.
You miscast Call Imp.
Shadowy shapes form in the air around you, then vanish.
Ijyb throws a stone.
The stone misses you.
Ijyb throws a stone.
The stone hits you!
* * * LOW HITPOINT WARNING * * *
You see here a stone.
Ijyb zaps a wand.
The magic dart hits you!
* * * LOW HITPOINT WARNING * * *
Casting: Call Imp
Confirm with . or Enter, or press ? or * to list all spells.
You don't have enough magic to cast that spell.
Ijyb throws a stone.
The stone misses you.
You see here a stone.
Found 11 gold pieces.
Ijyb zaps a wand.
The magic dart hits you!
You die...

###.#..#.#.##..###..$ #.#....#
.....................# #.#....#
.....g......(........####.####...
..#........##.#...........## .#
..###..#.g.##.#.###..#.....# ..
#..#.............#.#...#
#.##.............#.#...#
#.##....#.#.##.#.%.....#.#. .
...#........@.....<......... ....
....................#.#.#
......###...............#.#.#
..........<###.####..........
#.###.###.## #.# #..#......# ...#
#.# #..#.##.#. ##... ... ......
.. #.### #.# #...#.# #. . . . .


You could see Ijyb.

Vanquished Creatures
  A giant gecko (D:1)
  4 bats
  A giant cockroach (D:1)
  A goblin (D:1)
  4 hobgoblins (D:1)
  5 kobolds
  3 rats
19 creatures vanquished.

Vanquished Creatures (collateral kills)
  A hobgoblin (D:1)
  A kobold (D:1)
2 creatures vanquished.

Grand Total: 21 creatures vanquished

Notes
Turn   | Place    | Note
--------------------------------------------------------------
     0 | D:1      | JogiH, the Djinni Wizard, began the quest for the Orb.
     0 | D:1      | Reached XP level 1. HP: 14/14 MP: 0/0
   419 | D:1      | Reached skill level 4 in Spellcasting
   485 | D:1      | Reached XP level 2. EP: 16/23
   554 | D:1      | Learned a level 2 spell: Blink
   557 | D:1      | Learned a level 2 spell: Call Imp
  1051 | D:2      | Noticed Ijyb
  1618 | D:2      | HP: 1/23 [Ijyb/wand of magic darts (2)]
  1637 | D:2      | Killed from afar by Ijyb

Action                   || total
-------------------------++-------
Melee: Unarmed           ||    12
 Cast: Magic Dart        ||    42
       Call Imp          ||     6
